AoeStats
← Fat Mike

Black Forest

508225582Analyzed
4v4 RM · 11d ago on Sep 21, 2026· 46m 36s· 8 players
Game mode
Random Map
Map size
Large (8 player)
Population
200
Speed
Normal
Resources
Standard
Victory
Conquest
Starting age
Dark Age
Ending age
Imperial Age
RankedLock teamsTeams togetherTeam positionsShared explorationLock speedFull tech treeHidden civsTurbo modeCheats
Victory
Defeat
🇯🇵 Wu · Japan
1198
+17
🇬🇧 Khmer · United Kingdom
1112
+21
🇮🇳 Persians · India
1104
+21
🇨🇴 Turks · Colombia
1098
+21
🇮🇳 Mongols · India
1230
-21
🇮🇳 Saracens · India
1223
-20
🇯🇵 Lithuanians · Japan
1214
-20
🇮🇳 Teutons · India
1196
-19
Null Pointer
1:32 Loom
12:58 Feudal Age
13:57 Double-Bit Axe
14:54 Wheelbarrow
17:21 Castle Age
15:27 Horse Collar
18:37 Bow Saw
21:22 Heavy Plow
22:33 Hand Cart
25:21 Gold Mining
25:42 Town Watch
28:19 Stone Mining
29:05 Gold Shaft Mining
29:24 Forging
29:20 Scale Barding Armor
33:05 Imperial Age
32:23 Stone Shaft Mining
32:15 Chain Barding Armor
33:12 Town Patrol
32:56 Elite War Elephant
34:45 Plate Barding Armor
35:54 Iron Casting
35:41 Conscription
35:51 Scale Mail Armor
35:52 Fletching
38:09 Citadels
40:15 Blast Furnace
39:56 Bloodlines
39:46 Husbandry
41:57 Two-Man Saw
41:29 Crop Rotation
43:21 Kamandaran
44:08 Bodkin Arrow
44:29 Chain Mail Armor
168kcal
1:08 Loom
11:46 Feudal Age
15:20 Castle Age
13:47 Double-Bit Axe
13:42 Horse Collar
13:54 Gold Mining
13:58 Stone Mining
16:07 Wheelbarrow
16:13 Bow Saw
17:08 Gold Mining
25:45 Fletching
26:17 Heavy Plow
27:05 Bodkin Arrow
31:05 Imperial Age
28:44 Padded Archer Armor
30:07 Town Watch
30:37 Hand Cart
30:39 Leather Archer Armor
30:48 Ballistics
31:26 Red Cliffs Tactics
31:38 Town Patrol
31:59 Bracer
33:02 Chemistry
33:13 Conscription
33:52 Elite Fire Archer
35:08 Sitting Tiger
36:22 Scale Mail Armor
36:33 Forging
37:09 Pikeman
37:50 Squires
37:36 Arson
38:07 Chain Mail Armor
38:33 Iron Casting
38:11 Halberdier
39:32 Plate Mail Armor
41:08 Blast Furnace
46:16 Two-Man Saw
Rogfin
0:27 Loom
10:23 Feudal Age
16:13 Castle Age
15:04 Gold Mining
15:27 Horse Collar
15:35 Horse Collar
15:49 Double-Bit Axe
16:24 Horse Collar
20:04 Heavy Plow
28:30 Imperial Age
26:39 Fletching
26:52 Padded Archer Armor
27:13 Bow Saw
28:20 Wheelbarrow
31:20 Leather Archer Armor
31:38 Hand Cart
33:39 Ring Archer Armor
33:47 Elite Janissary
36:20 Forging
36:32 Artillery
37:03 Conscription
37:02 Scale Barding Armor
39:25 Iron Casting
43:53 Blast Furnace
43:14 Chain Barding Armor
43:17 Bloodlines
43:08 Husbandry
47:03 Plate Barding Armor
Fat Mike
6:21 Loom
7:12 Loom
13:35 Feudal Age
18:04 Castle Age
16:17 Double-Bit Axe
16:34 Horse Collar
16:53 Fishing Lines
18:33 Wheelbarrow
19:31 Bow Saw
20:39 Heavy Plow
25:55 Hand Cart
30:15 Imperial Age
27:54 Gillnets
28:10 Gold Mining
31:14 Heavy Scorpion
33:02 Chemistry
32:23 Ballistics
33:43 Double Crossbow
34:04 Conscription
35:04 Siege Engineers
37:05 Pikeman
37:36 Halberdier
39:25 Forging
39:17 Scale Mail Armor
42:59 Iron Casting
42:39 Chain Mail Armor
47:45 Blast Furnace
Kunal
0:37 Loom
11:05 Feudal Age
12:56 Double-Bit Axe
16:04 Castle Age
13:55 Horse Collar
17:18 Bow Saw
17:42 Heavy Plow
22:59 Fortified Wall
23:34 Town Watch
25:31 Wheelbarrow
25:35 Bimaristan
32:04 Imperial Age
30:28 Scale Barding Armor
31:19 Forging
31:59 Hand Cart
32:09 Chain Barding Armor
33:20 Iron Casting
32:51 Husbandry
33:22 Bloodlines
34:30 Plate Barding Armor
33:54 Elite Mameluke
36:38 Conscription
39:48 Blast Furnace
39:40 Masonry
40:32 Chemistry
45:47 Siege Engineers
ravish.ratnam
1:48 Loom
12:31 Feudal Age
14:20 Wheelbarrow
16:45 Castle Age
14:49 Double-Bit Axe
15:54 Horse Collar
17:57 Hand Cart
22:59 Bow Saw
23:54 Heavy Plow
29:44 Imperial Age
28:11 Ballistics
27:52 Gold Mining
29:09 Stone Mining
29:55 Gold Shaft Mining
30:32 Heavy Scorpion
33:13 Chemistry
33:09 Drill
32:16 Onager
32:52 Capped Ram
33:52 Siege Ram
34:59 Siege Engineers
36:30 Caravan
39:01 Siege Onager
Fujiwara
11:08 Feudal Age
16:29 Castle Age
14:26 Double-Bit Axe
14:21 Horse Collar
18:05 Bow Saw
21:05 Wheelbarrow
20:29 Loom
24:44 Hand Cart
26:15 Heavy Plow
27:41 Gold Mining
27:42 Stone Mining
28:57 Caravan
32:15 Imperial Age
30:03 Bloodlines
30:30 Husbandry
30:37 Scale Barding Armor
31:28 Forging
31:41 Chain Barding Armor
31:32 Forging
31:44 Ballistics
32:45 Murder Holes
32:41 Fletching
35:21 Plate Barding Armor
35:12 Town Watch
35:02 Elite Leitis
36:04 Conscription
36:52 Iron Casting
37:36 Conscription
39:10 Light Cavalry
39:47 Bodkin Arrow
40:36 Crop Rotation
41:07 Two-Man Saw
40:21 Winged Hussar
43:32 Bracer
43:39 Cavalier
45:03 Paladin
DrGameHer
1:38 Loom
14:48 Feudal Age
17:21 Double-Bit Axe
17:17 Horse Collar
22:02 Castle Age
25:25 Bow Saw
25:47 Heavy Plow
29:47 Scale Barding Armor
30:12 Forging
30:53 Chain Barding Armor
32:44 Pikeman
34:08 Gambesons
35:33 Wheelbarrow
37:16 Wheelbarrow
38:16 Coinage
41:43 Imperial Age
39:56 Wheelbarrow
40:41 Squires
41:46 Scale Mail Armor
Connection lost

Rejoining the realm…

Still unreachable

The connection could not be restored.

Session expired

The server has moved on; the page needs a fresh start.